 Dungeon Crawl Stone Soup version 0.28.0 (webtiles) character file.

Game seed: 6352084080630820592

4726 bonscott the Reanimator (level 10, -1/59 HPs)
             Began as a Vampire Necromancer on Feb 20, 2022.
             Slain by a wight (11 damage)
             ... on level 8 of the Dungeon.
             The game lasted 01:34:54 (11988 turns).

bonscott the Reanimator (Vampire Necromancer)      Turns: 11988, Time: 01:34:54

Health: -1/59      AC:  7    Str: 14    XL:     10   Next: 22%
Magic:  20/20      EV: 12    Int: 19    God:
Gold:   413        SH:  0    Dex: 14    Spells: 14/23 levels left

rFire   + . .      SeeInvis +   B - +1 hand axe (elec)
rCold   + + +      Faith    .   (no shield)
rNeg    + + +      Spirit   .   n - +0 steam dragon scales
rPois   ∞          Reflect  .   m - +0 helmet
rElec   .          Harm     .   s - scarf {rC+ rF+}
rCorr   .          Rampage  .   (no gloves)
Will    +++..                   (no boots)
Stlth   ++++......              p - amulet of magic regeneration
HPRegen 0.00/turn               a - ring of willpower
MPRegen 0.57/turn               M - ring "Hytsiy" {rC+ Will+ Str+3}

@: mighty, bloodless, inhibited regen, studying Armour
A: bloodless, fangs 3, see invisible, vampiric 2
a: Bat Form, Revivify


You were on level 8 of the Dungeon.
You visited 2 branches of the dungeon, and saw 10 of its levels.

You collected 413 gold pieces.

Inventory:

Hand Weapons
 h - a +0 executioner's axe
 t - a +2 dagger of venom
 w - a +1 vorpal hand axe
 y - a +0 hand crossbow
 A - a +1 vampiric short sword
 B - a +1 hand axe of electrocution (weapon)
 D - a +3 quarterstaff of chaos
 I - a +3 mace
 J - a +1 long sword of flaming
 K - a +2 great sword
 L - a +0 hunting sling
Missiles
 d - 19 poisoned darts
 e - 2 boomerangs
 j - 104 bolts
 F - 283 stones
 N - 12 sling bullets
Armour
 l - a +2 robe of positive energy
 m - a +0 helmet (worn)
 n - +0 steam dragon scales (worn)
 s - a scarf of resistance (worn)
 x - a scarf of invisibility
 C - a +0 cloak
Magical Staves
 g - a staff of earth
Jewellery
 a - a ring of willpower (left hand)
 p - an amulet of magic regeneration (around neck)
 M - the ring "Hytsiy" (right hand) {rC+ Will+ Str+3}
   (You found it on level 8 of the Dungeon)

   [ring of willpower]

   Str:       It affects your strength (+3).
   rC:        It protects you from cold.
   Will:      It increases your willpower.
Wands
 z - a wand of digging (9)
Scrolls
 f - a scroll of immolation
 i - a scroll of torment {unknown}
 q - 4 scrolls of teleportation
 r - a scroll of enchant armour {unknown}
 u - 2 scrolls of identify
 v - a scroll of silence {unknown}
 E - a scroll of magic mapping {unknown}
 G - a scroll of blinking
 H - a scroll of brand weapon {unknown}
Potions
 b - a potion of resistance
 c - 3 potions of curing
 k - 2 potions of haste
 o - a potion of might
 O - a potion of attraction {unknown}


   Skills:
 + Level 5.0 Fighting
 - Level 4.0 Throwing
 + Level 5.0 Armour
 - Level 2.1 Dodging
 - Level 3.0 Stealth
 - Level 7.0 Spellcasting
 - Level 10.0 Necromancy
 - Level 3.0 Evocations


You had 14 spell levels left.
You knew the following spells:

 Your Spells              Type           Power      Damage    Failure   Level
i - Pain                  Necr           100%       1d9       1%          1
m - Vampiric Draining     Necr           44%        2d9       1%          3
y - Agony                 Necr           44%        N/A       4%          5

Your spell library contained the following spells:

 Spells                   Type           Power      Damage    Failure   Level
 Animate Skeleton         Necr           88%        N/A       1%          1
 Sublimation of Blood     Necr           44%        N/A       1%          2
 Animate Dead             Necr           22%        N/A       1%          4
 Anguish                  Hex/Necr       12%        N/A       13%         4
 Ensorcelled Hibernation  Hex/Ice        12%        N/A       16%         2
 Wereblood                Tmut           6%         N/A       16%         2
 Spider Form              Tmut/Pois      6%         N/A       30%         3
 Summon Hydra             Summ           3%         N/A       100%        7


Dungeon Overview and Level Annotations

Branches:
Dungeon (9/15)             Temple (1/1) D:7
   Lair: D:8-11         Orc: D:9-12

Altars:
Ashenzari
Cheibriados
Dithmenos
Elyvilon
Gozag
Hepliaklqana
Kikubaaqudgha
Makhleb
Nemelex Xobeh
Okawaru
Qazlal
Ru
Uskayaw
Vehumet
Wu Jian
Xom
Yredelemnul
Zin
The Shining One
Lugonu

Shops:
D:3 [

Annotations:
D:2 Sigmund
D:5 1 runed translucent door, SteelSquire's ghost, novice HOFi
D:8 Erica


Innate Abilities, Weirdness & Mutations

You do not regenerate when monsters are visible.
You are frail without blood (-20% HP).
You can heal yourself when you bite living creatures.
You are immune to poison.
You have razor-sharp teeth.
You have supernaturally acute eyesight. (SInv)
You are afflicted with vampirism and can become a bat while bloodless.


Message History

There is a stone staircase leading down here.
You start resting.
Magic restored.
There is an open door here.
You open the door.
There is an open door here.
There is a stone staircase leading down here.
A wight is nearby!
The wight hits you with a +0 long sword.
You closely miss the wight.
The wight hits you with a +0 long sword.
You hit the wight.
The wight is lightly damaged.
The wight hits you with a +0 long sword.
You closely miss the wight.
The wight is lightly damaged.
The wight hits you with a +0 long sword!
You hit the wight but do no damage. You bite the wight, but do no damage.
The wight is lightly damaged.
The wight hits you with a +0 long sword!
You are too injured to fight recklessly!
Your +2 dagger of venom stops dripping with poison.
You hear the crackle of electricity.
B - a +1 hand axe of electrocution (weapon)
The wight misses you.
You closely miss the wight. You bite the wight.
The wight is lightly damaged.
The wight hits you with a +0 long sword!
* * * LOW HITPOINT WARNING * * *
You hit the wight but do no damage. Your bite misses the wight.
The wight is lightly damaged.
The wight barely misses you.
You closely miss the wight.
The wight is lightly damaged.
The wight barely misses you.
The wight hits you with a +0 long sword!
* * * LOW HITPOINT WARNING * * *
You feel very mighty all of a sudden.
The wight hits you with a +0 long sword!
You die...

...(.....#
.........# ######
.........# #....#
.........# #....#
.........# #....#
.........####....#
##...........##z.#
)B..(.)......#.@.#
##...........#>..#
#..........z#...#
########.<..########
###+#....#..#
#..z.#..# #....#..##
#....'...#
#....#..##


You could see a wight.

Vanquished Creatures
  An unseen horror (D:7)
  Eustachio (D:3)
  6 yaks
  Menkaure (D:7)
  3 steam dragons
  Edmund (D:5)
  A water moccasin (D:7)
  2 orc warriors (D:7)
  2 sky beasts
  An ice beast (D:6)
  4 ogres
  2 kobold brigands
  2 bullfrogs
  3 scorpions
  2 wyvern skeletons (D:7)
  A killer bee (D:9)
  5 wights
  A crimson imp (D:5)
  2 jellies
  A bullfrog zombie (D:6)
  Crazy Yiuf (D:6)
  A gnoll shaman (D:6)
  A hound (D:6)
  5 orc priests
  2 bullfrog skeletons
  A centaur skeleton (D:4)
  Terence (D:2)
  4 iguanas
  12 orc wizards
  A killer bee zombie (D:6)
  2 hound skeletons
  4 gnolls (D:6)
  5 adders
  2 white imps
  An ufetubus (D:7)
  2 worms
  3 dart slugs
  33 orcs
  8 bats
  2 endoplasms (D:1)
  3 giant cockroaches
  10 goblins
  6 hobgoblins
  8 jackals
  3 quokkas
  4 ball pythons
  3 frilled lizards
  12 kobolds
  6 rats
188 creatures vanquished.

Vanquished Creatures (others)
  3 fungi
  A plant (D:2)
4 creatures vanquished.

Grand Total: 192 creatures vanquished

Notes
Turn   | Place    | Note
-------+----------+-------------------------------------------
     0 | D:1      | bonscott the Vampire Necromancer began the quest for the
                  | Orb.
     0 | D:1      | Reached XP level 1. HP: 13/13 MP: 3/3
   565 | D:1      | Reached XP level 2. HP: 18/19 MP: 3/5
  1041 | D:1      | Reached skill level 5 in Necromancy
  1628 | D:2      | Gained mutation: You are afflicted with vampirism and can
                  | become a bat while bloodless. [Vampire growth]
  1628 | D:2      | Reached XP level 3. HP: 22/24 MP: 4/7
  1683 | D:2      | Noticed Terence
  1849 | D:1      | Learned a level 3 spell: Vampiric Draining
  2353 | D:2      | Found a faded altar of an unknown god.
  2630 | D:2      | Noticed Sigmund
  2709 | D:2      | Killed Terence
  2710 | D:2      | Reached XP level 4. HP: 25/30 MP: 1/9
  2829 | D:3      | Noticed a scorpion
  2890 | D:3      | Killed a scorpion
  2891 | D:3      | Reached skill level 1 in Armour
  2891 | D:3      | Reached XP level 5. HP: 26/35 MP: 2/11
  3248 | D:3      | Found Plog's Antique Armour Shop.
  3417 | D:3      | Found a snail-covered altar of Cheibriados.
  3872 | D:4      | Noticed a phantom
  3920 | D:4      | Noticed an ogre
  3936 | D:4      | Noticed Eustachio
  4568 | D:4      | Killed an ogre
  4569 | D:4      | Reached XP level 6. HP: 39/44 MP: 6/12
  5134 | D:3      | Killed Eustachio
  5135 | D:3      | Reached XP level 7. HP: 46/52 MP: 4/13
  5194 | D:5      | Entered Level 5 of the Dungeon
  5355 | D:5      | Noticed a steam dragon
  5369 | D:5      | Killed a steam dragon
  5430 | D:5      | Found a runed translucent door.
  5454 | D:5      | Noticed SteelSquire's ghost (novice HOFi)
  5537 | D:5      | Found a radiant altar of Vehumet.
  5537 | D:5      | Found a burning altar of Makhleb.
  5776 | D:5      | Reached XP level 8. HP: 59/60 MP: 2/14
  6322 | D:6      | Reached skill level 6 in Necromancy
  6732 | D:6      | Reached skill level 5 in Spellcasting
  6773 | D:6      | Noticed Edmund
  7009 | D:6      | Reached skill level 5 in Fighting
  7135 | D:6      | Found an iron altar of Okawaru.
  7296 | D:5      | Killed Edmund
  7688 | D:6      | Found a runed translucent door.
  7689 | D:6      | Noticed Crazy Yiuf
  7695 | D:6      | Killed Crazy Yiuf
  7745 | D:6      | Reached skill level 5 in Armour
  7745 | D:6      | Reached skill level 1 in Evocations
  7745 | D:6      | Reached XP level 9. HP: 53/68 MP: 13/16
  7783 | D:7      | Found a staircase to the Ecumenical Temple.
  7796 | Temple   | Entered the Ecumenical Temple
  8162 | D:7      | Noticed Menkaure
  8224 | D:7      | Noticed an unseen horror
  8233 | D:7      | Killed an unseen horror
  8234 | D:7      | Reached skill level 7 in Necromancy
  8388 | Temple   | Reached skill level 8 in Necromancy
  8713 | D:7      | Reached skill level 9 in Necromancy
  9505 | D:6      | Reached XP level 10. HP: 59/59 MP: 20/20
 10062 | D:7      | Learned a level 5 spell: Agony
 10333 | D:7      | Killed Menkaure
 10765 | D:8      | Identified the ring "Hytsiy" {rC+ Will+ Str+3}
 10870 | D:8      | Noticed Erica
 11495 | D:8      | Noticed a boulder beetle
 11617 | D:9      | Found a sacrificial altar of Ru.
 11715 | D:9      | Found an opulent altar of Gozag.
 11751 | D:9      | Found a hide-covered altar of Uskayaw.
 11925 | D:9      | Noticed a boulder beetle
 11928 | D:9      | Reached skill level 10 in Necromancy
 11988 | D:8      | Slain by a wight

Illustrated notes

Levels and vault maps discovered:
D:1:      roderic_chinese_lattice_arrival, layout_basic
D:2:      layout_loops_corners, shapermc_ecumenical_altar_mp_ritualfount,
          grunt_decor_junction, chequers_hall_statues_corner_a, uniq_terence,
          uniq_sigmund
D:3:      layout_basic, mainiacjoe_overflow_chevrons, serial_shops,
          nicolae_lakefront_shop
D:4:      layout_cave_pools, amcnicky_mini_pool_small, uniq_eustachio
D:5:      layout_rooms, grunt_temple_overflow_lords_of_destruction,
          ebering_ghost_inner_flame
D:6:      layout_cave_pods, okawaru_gym_becter, uniq_edmund,
          uniq_crazy_yiuf_cottage
D:7:      layout_basic, minmay_temple_entry_slanted, st_stairs_3,
          minmay_manual_mullet, uniq_menkaure
D:8:      layout_gridville, gammafunk_ghost_berserking_beasts,
          minmay_microvault, uniq_erica
D:9:      minmay_the_grid_plus [minmay_the_grid_empty, minmay_the_grid_mess,
          minmay_the_grid_doors, minmay_the_grid_all_tris,
          minmay_the_grid_prize_four_corners_diamond_b], layout_basic,
          nicolae_overflow_hidden_temple, mainiacjoe_overflow_large_starburst,
          nicolae_sif_muna_little_library, jmf_multi_god_temple, enter_bailey_2
Temple:   kb_corrupted_temple

Skill      XL: |  1  2  3  4  5  6  7  8  9 10 |
---------------+-------------------------------+-----
Necromancy     | 5 6 9 10 | 10.0
Spellcasting   | 3 4 5 6 7 |  7.0
Armour         | 1 3 4 5 |  5.0
Fighting       | 2 3 4 5 |  5.0
Throwing       | 2 3 4 |  4.0
Evocations     | 1 3 |  3.0
Dodging        | |  2.1
Stealth        | |  3.0

Action                   |  1- 3 |  4- 6 |  7- 9 | 10-12 || total
-------------------------+-------+-------+-------+-------++-------
Melee: Unarmed           |     1 |       |       |       ||     1
       Dagger            |     1 |    20 |   109 |    18 ||   148
       Bite              |       |     2 |    25 |     4 ||    31
       Executioner's axe |       |       |    25 |       ||    25
       Hand axe          |       |       |     9 |    13 ||    22
       Punch             |       |       |     2 |       ||     2
       Quarterstaff      |       |       |    14 |       ||    14
       Long sword        |       |       |       |     2 ||     2
Throw: Stone             |     4 |    12 |    14 |    18 ||    48
       Dart              |       |    26 |    66 |     9 ||   101
       Boomerang         |       |       |       |    10 ||    10
 Cast: Pain              |    83 |    75 |   145 |    33 ||   336
       Vampiric Draining |       |     9 |    52 |    12 ||    73
 Abil: Exsanguinate      |       |       |     1 |       ||     1
Evoke: Wand              |       |       |       |     1 ||     1
  Use: Scroll            |     3 |     2 |     3 |     1 ||     9
       Potion            |       |       |       |     1 ||     1
 Stab: Sleeping          |       |       |     1 |       ||     1
Armor: Robe              |     2 |    26 |     4 |       ||    32
       Steam dragon scal |       |       |    63 |     5 ||    68
Dodge: Dodged            |    19 |    52 |   154 |    25 ||   250
